cohdb
Replays
Latest Replays
All Replays
Popular Replays
Top Player Replays
Match Explorer
How It Works
Community
CoH3 Stats
Reddit
Sign in to upload your games and track your stats! →
Sign in with Steam
Match 34966888
Unlisted
Match 34966888
Overview
Messages
Build Orders
End
Engineer Squad
Selects Special Operations Battlegroup
Selects M29 Weasel Recon Vehicle
M29 Weasel Recon Vehicle
Construct Barracks
Riflemen Squad
Riflemen Squad
Riflemen Squad
Construct Medical Station
Infantry Support Center
Construct Motor Pool
Grenade Package
M8 Greyhound Armored Car
M1 Anti-tank Gun Team
Construct Tank Depot
Selects P-47 Anti-Infantry Loiter
Selects UNKNOWN (2162291)
M1 Anti-tank Gun Team
M4A1 Sherman Medium Tank
Engineer Squad
Selects Smoke Screen
Selects SSF Commando Squad
Selects Assault Operation
Advanced Logistics
M4A1 Sherman Whizbang
P-47 Anti-Infantry Loiter
Survival Training
Riflemen Squad
M1918 Browning Automatic Rifles
M4A1 Sherman Medium Tank
Makros
J3x
0
0
Comments
sign in to comment!
No comments posted yet!